 Dungeon Crawl Stone Soup version 0.27-a0-660-g90476cec82 (webtiles) character file.

Game seed: 13836912836861435760

41 HilariousDeathArtist the Skirmisher (level 3, 0/30 HPs)
             Began as a Barachi Wanderer on Mar 16, 2021.
             Slain by a goblin (2 damage)
             ... led by Robin
             ... on level 2 of the Dungeon.
             The game lasted 00:03:20 (1744 turns).

HilariousDeathArtist the Skirmisher (BaWn)          Turns: 1744, Time: 00:03:20

Health: 0/30       AC: 11    Str: 14    XL:     3   Next: 52%
Magic:  3/3        EV:  6    Int: 13    God:
Gold:   95         SH:  0    Dex: 10    Spells: 2/2 levels left

rFire    . . .     SeeInvis .   a - +3 dagger
rCold    . . .     Faith    .   (no shield)
rNeg     . . .     Spirit   .   o - +0 chain mail
rPois    .         Reflect  .   i - +0 helmet
rElec    .         Harm     .   m - +0 cloak
rCorr    .         Rampage  .   (no gloves)
Will     .....                  (no boots)
Stlth    ..........             (no amulet)
HPRegen  0.10/turn              (no ring)
MPRegen  0.08/turn              (no ring)

@: can't hop, slow
A: +LOS, amphibious, slowness 1, strong legs 1
a: Hop


You were on level 2 of the Dungeon.
You visited 1 branch of the dungeon, and saw 3 of its levels.

You collected 95 gold pieces.

Inventory:

Hand Weapons
 a - a +3 dagger (weapon)
 c - a +0 hand axe
 g - a +0 dagger of holy wrath
   (You took it off a goblin on level 1 of the Dungeon)
Missiles
 b - a curare-tipped dart
 l - 19 arrows
 s - 39 stones (quivered)
Armour
 e - a +0 robe
 i - a +0 helmet (worn)
   (You found it on level 1 of the Dungeon)
 m - a +0 cloak (worn)
   (You found it on level 1 of the Dungeon)
 o - a +0 chain mail (worn)
   (You found it on level 1 of the Dungeon)
Scrolls
 E - a scroll of fear
 Y - a scroll of teleportation {@r3}
Potions
 d - a potion of mutation {unknown}
 f - 2 potions of heal wounds {unknown}
 n - a potion of degeneration {unknown}
 G - a potion of ambrosia


   Skills:
 + Level 4.1 Fighting
 + Level 1.5 Short Blades
 - Level 2.0 Crossbows
 + Level 1.5 Throwing
 - Level 3.6 Armour
 + Level 1.9 Stealth


You had 2 spell levels left.
You didn't know any spells.
Your spell library was empty.

Dungeon Overview and Level Annotations

Branches:
Dungeon (3/15)

Altars:

Annotations:
D:2 Robin, Sigmund, Terence
D:3 Grinder


Innate Abilities, Weirdness & Mutations

You can be seen from farther away. (+LOS)
You are amphibious.
You cover ground slowly.
You can hop short distances.


Message History

The bat hits you.
The giant cockroach bites you but does no damage.
You take 1 damage, and have 29/30 hp.
You barely miss the giant cockroach. The bat hits you but does no damage.
The giant cockroach closely misses you.
You hit the bat. The bat hits you but does no damage.
The giant cockroach closely misses you.
You hit the giant cockroach. The bat hits you but does no damage.
The giant cockroach bites you but does no damage. x2
You hit the giant cockroach.
You kill the giant cockroach!
The bat hits you but does no damage.
You throw a stone. The stone closely misses the bat.
The bat barely misses you.
You hit the bat.
You kill the bat!
No target in view!
s - 39 stones (gained 1) Health restored: 30 A hobgoblin comes into view.
There is a stone staircase leading down here.
The hobgoblin shouts!
You hear a shout! x2
You climb downwards.
You hear the sound of rushing water.
There is an entrance to a sewer on this level.
Hurry and find it before the portal rusts away!
Level annotation: Grinder You are ready to hop once more.
There is a stone staircase leading up here.
Unknown command.
Unknown command.
You hear the slow rusting of a very distant drain. 3 gnolls come into view.
The gnoll shouts! x3
The gnoll moves out of view.
There are monsters nearby!
A gnoll comes into view. It is wielding a +0 club.
The gnoll shouts!
Hop to where?
Boing!
The gnoll barely misses you.
There is a stone staircase leading up here.
You hit the gnoll. The gnoll hits you with a +0 whip.
You take 2 damage, and have 28/30 hp.
You closely miss the gnoll. The gnoll barely misses you.
The gnoll hits you with a +0 whip.
You climb upwards.
Level annotation: Robin, Sigmund, Terence Robin shouts!
You hear a shout! x3
Robin drinks a potion.
Robin seems to speed up.
A hobgoblin comes into view. It is wielding a +0 club.
There is a stone staircase leading down here.
You take 4 damage, and have 25/30 hp.
Okay, then.
The gnoll hits you but does no damage.
You see here a bat corpse.
Robin roars a battlecry!
The hobgoblin goes into a battle-frenzy!
The gnoll hits you but does no damage.
You hit the gnoll. The gnoll closely misses you.
You hit the gnoll. The gnoll hits you with a +0 whip.
You take 6 damage, and have 20/30 hp.
You hit the gnoll but do no damage. The gnoll hits you with a +0 whip!
You take 7 damage, and have 13/30 hp.
MASSIVE DAMAGE!!
Throw: 2 darts (curare)
Aim: a gnoll, wielding a +0 whip (heavily wounded, 58% to hit)
You throw a curare-tipped dart.
The curare-tipped dart completely misses the gnoll.
The curare-tipped dart hits Robin.
Robin is poisoned.
Robin convulses.
Robin seems to slow down.
The gnoll hits you but does no damage.
You hit the gnoll.
A goblin comes into view.
The gnoll barely misses you.
You closely miss the gnoll.
The goblin shouts!
The gnoll hits you with a +0 whip.
You take 1 damage, and have 12/30 hp.
You hit the gnoll.
You kill the gnoll!
A goblin comes into view.
A goblin comes into view. It is wielding a +0 club.
The goblin hits you but does no damage. The hobgoblin completely misses you.
You closely miss the goblin.
The goblin no longer looks unusually strong.
The goblin hits you but does no damage. The hobgoblin hits you with a +0 club.
Robin roars a battlecry!
The goblins go into a battle-frenzy!
You hear a shout!
You take 2 damage, and have 10/30 hp.
You hit the goblin. The goblin completely misses you.
The hobgoblin hits you with a +0 club.
* * * LOW HITPOINT WARNING * * *
You take 2 damage, and have 8/30 hp.
You puncture the goblin!
You kill the goblin!
You closely miss the goblin. The hobgoblin hits you with a +0 club.
* * * LOW HITPOINT WARNING * * *
The goblin hits you.
You die...

#..##g... #...<.#
.....!.............@..
##.g# ##.#.#..b#####..
##>..##.# # #....
#.....#.# #...#
#.†.....# .....
#.....### ####..
##.†.#####.# ###
###ggg@g.g# #########


You could see Robin (fast, poisoned, slow), 2 hobgoblins and 2 goblins.

Vanquished Creatures
  A gnoll (D:2)
  7 bats
  A giant cockroach (D:2)
  5 goblins
  A hobgoblin (D:1)
  5 jackals (D:1)
  3 frilled lizards
  3 kobolds (D:1)
  2 rats
28 creatures vanquished.

Notes
Turn   | Place    | Note
-------+----------+-------------------------------------------
     0 | D:1      | HilariousDeathArtist the Barachi Wanderer began the quest
                  | for the Orb.
     0 | D:1      | HilariousDeathArtist set off with the following items: a +2
                  | dagger, 2 curare-tipped darts, a +0 hand axe, a +0 robe, a
                  | potion of lignification {!q}
     0 | D:1      | Reached XP level 1. HP: 18/18 MP: 1/1
   254 | D:1      | Reached XP level 2. HP: 25/25 MP: 2/2
   355 | D:1      | HP: 8/37 [jackal (2)]
   360 | D:1      | Reached skill level 1 in Short Blades
  1089 | D:1      | Reached skill level 4 in Fighting
  1404 | D:2      | Noticed Terence
  1556 | D:2      | Noticed Sigmund
  1572 | D:3      | Reached XP level 3. HP: 27/30 MP: 3/3
  1618 | D:3      | Noticed Grinder
  1685 | D:2      | Noticed Robin
  1744 | D:2      | HP: 2/30 [hobgoblin/+0 club[Robin] (6)]
  1744 | D:2      | Slain by a goblin

Illustrated notes

Levels and vault maps discovered:
D:1:      dpeg_arrival_boxorama, layout_basic, kennysheep_boxes
D:2:      layout_loops_ring, uniq_terence, uniq_sigmund, uniq_robin
D:3:      layout_rooms, portal_sewer_entry_b, uniq_grinder

Skill      XL: |  1  2 |
---------------+-------+-----
Short Blades   | 1 |  1.5
Fighting       | 4 |  4.1
Crossbows      | |  2.0
Throwing       | |  1.5
Armour         | |  3.6
Stealth        | |  1.9

Action                   || total
-------------------------++-------
Melee: Dagger            ||    89
Throw: Stone             ||    48
       Dart              ||     1
 Abil: Hop               ||     3
  Use: Potion            ||     1
       Scroll            ||     4
Armor: Robe              ||    17
       Skin              ||     9
       Chain mail        ||    50
Dodge: Dodged            ||    65

Table legend: (Time is in decaauts)
 A = Elapsed time spent in this place.
 B = Non-inter-level travel time spent in this place.
 C = Inter-level travel time spent in this place.
 D = Time resting spent in this place.
 E = Time spent auto-exploring this place.
 F = Levels seen in this place.
 G = Mean time per level.
                   A        B        C        D        E       F      G
               +--------+--------+--------+--------+--------+-----+--------+
         Total |   1946 |   1734 |    212 |    470 |    832 |   3 |  648.7 |
       Dungeon |   1946 |   1734 |    212 |    470 |    832 |   3 |  648.7 |
               +--------+--------+--------+--------+--------+-----+--------+

Top non-repeatable levels by time:
     D:1: 1613 daAuts
     D:2: 169 daAuts
     D:3: 164 daAuts

Table legend:
 A = Kills in this place as a percentage of kills in entire the game.
 B = Kills by you in this place as a percentage of kills by you in the entire game.
 C = Kills by friends in this place as a percentage of kills by friends in the entire game.
 D = Other kills in this place as a percentage of other kills in the entire game.
 E = Experience gained in this place as a percentage of experience gained in the entire game.
 F = Experience gained in this place divided by the number of levels of this place that you have seen.
                   A       B       C       D       E      F
               +-------+-------+-------+-------+-------+----------------------
         Total | 100.0 | 100.0 |   N/A |   N/A | 100.0 |  19.7
       Dungeon | 100.0 | 100.0 |   N/A |   N/A | 100.0 |  19.7
               +-------+-------+-------+-------+-------+----------------------
